 Dungeon Crawl Stone Soup version 0.28-a0-653-g7e9dba17c3 (webtiles) character file.

Game seed: 17578872357842221355

51 mordus the Chopper (level 3, 0/31 HPs)
             Began as a Hill Orc Monk on Oct 11, 2021.
             Slain by a kobold (2 damage)
             ... on level 2 of the Dungeon.
             The game lasted 00:03:42 (1609 turns).

mordus the Chopper (Hill Orc Monk)                  Turns: 1609, Time: 00:03:43

Health: 0/31       AC:  2    Str: 14    XL:     3   Next: 83%
Magic:  3/3        EV: 12    Int: 10    God:
Gold:   56         SH:  0    Dex: 13    Spells: 2/2 levels left

rFire   . . .      SeeInvis .   a - +0 hand axe
rCold   . . .      Faith    .   (no shield)
rNeg    . . .      Spirit   .   b - +0 robe
rPois   .          Reflect  .   (no helmet)
rElec   .          Harm     .   (no cloak)
rCorr   .          Rampage  .   (no gloves)
Will    .....                   (no boots)
Stlth   ++........              (no amulet)
HPRegen 0.10/turn               (no ring)
MPRegen 0.08/turn               (no ring)

@: no status effects
A: no striking features
a: no special abilities


You were on level 2 of the Dungeon.
You visited 1 branch of the dungeon, and saw 2 of its levels.

You collected 56 gold pieces.

Inventory:

Hand Weapons
 a - a +0 hand axe (weapon)
Armour
 b - a +0 robe (worn)
Scrolls
 d - a scroll of enchant armour {unknown}
 e - a scroll of enchant weapon {unknown}
Potions
 c - a potion of might {unknown}
 f - a potion of magic {unknown}


   Skills:
 - Level 3.6 Fighting
 * Level 5.6 Axes
 + Level 1.8 Armour
 - Level 2.4 Dodging
 - Level 1.5 Stealth


You had 2 spell levels left.
You didn't know any spells.
Your spell library was empty.

Dungeon Overview and Level Annotations

Branches:
Dungeon (2/15)

Altars:


Message History

You are more poisoned.
The adder poisons you!
You feel sick.
You hit the goblin.
You kill the goblin!
You feel sick. The adder misses you.
You miss the adder.
The adder is severely wounded.
You feel sick. The adder completely misses you.
You are too injured to fight recklessly!
You are too injured to fight recklessly!
You are too injured to fight recklessly!
You are too injured to fight recklessly!
You are too injured to fight recklessly!
You hit the adder but do no damage.
The adder is severely wounded.
You feel sick. The adder bites you.
You barely miss the adder.
The adder is severely wounded.
You feel sick. The adder bites you.
* * * LOW HITPOINT WARNING * * *
The adder misses you.
You hit the adder.
You kill the adder!
You feel sick.
The kobold throws a stone.
The stone closely misses you.
You feel sick.
You are no longer poisoned.
The kobold hits you with a +0 dagger.
* * * LOW HITPOINT WARNING * * *
You see here a +0 dagger.
You miss the kobold. The kobold hits you but does no damage.
You closely miss the kobold. The kobold hits you but does no damage.
You hit the kobold but do no damage. The kobold barely misses you.
You barely miss the kobold. The kobold completely misses you.
You hit the kobold but do no damage. The kobold hits you with a +0 dagger.
* * * LOW HITPOINT WARNING * * *
An adder comes into view.
The adder hisses angrily.
You hit the kobold but do no damage. The kobold hits you with a +0 dagger.
You die...

...#....#..##. ...
..........###. ...
....###.#..###. # ..
....###..#..... #.b.
#......#####.. #.#.
####.## ### #...
##.#.## #
##...#######S###.### #
#...K@......## ##..# #
#.#.###.####.###.#.###
# #.#####.#.##....
......†....#####
....#.##.##.# #
S##..#.##.# .# # ..
........# ###### ..
##.#.##.# #≈≈... #.
.#.##†# #≈≈...


You could see an adder, a bat and a kobold.

Vanquished Creatures
  An adder (D:2)
  2 endoplasms
  3 giant cockroaches (D:1)
  7 goblins
  3 hobgoblins
  2 quokkas (D:1)
  7 ball pythons
  7 bats
  3 frilled lizards
  2 kobolds (D:1)
  5 rats (D:1)
42 creatures vanquished.

Vanquished Creatures (others)
  A withered plant (D:1)
1 creature vanquished.

Grand Total: 43 creatures vanquished

Notes
Turn   | Place    | Note
-------+----------+-------------------------------------------
     0 | D:1      | mordus the Hill Orc Monk began the quest for the Orb.
     0 | D:1      | Reached XP level 1. HP: 19/19 MP: 1/1
   243 | D:1      | Found a faded altar of an unknown god.
   400 | D:1      | Reached XP level 2. HP: 26/26 MP: 2/2
   423 | D:1      | Reached skill level 1 in Armour
   668 | D:1      | Reached skill level 5 in Axes
   690 | D:1      | Reached XP level 3. HP: 30/31 MP: 3/3
  1609 | D:2      | Slain by a kobold

Illustrated notes

Levels and vault maps discovered:
D:1:      erik_arrival_orb_chamber, layout_basic,
          ebering_ecumenical_altar_petrified
D:2:      layout_loops_cross, minmay_goblin_outpost

Skill      XL: |  1  2 |
---------------+-------+-----
Armour         | 1 |  1.8
Axes           | 5 |  5.6
Fighting       | |  3.6
Dodging        | |  2.4
Stealth        | |  1.5

Action                   || total
-------------------------++-------
Melee: Hand axe          ||   121
 Stab: Sleeping          ||     7
Armor: Robe              ||    28
Dodge: Dodged            ||    94

Table legend: (Time is in decaauts)
 A = Elapsed time spent in this place.
 B = Non-inter-level travel time spent in this place.
 C = Inter-level travel time spent in this place.
 D = Time resting spent in this place.
 E = Time spent auto-exploring this place.
 F = Levels seen in this place.
 G = Mean time per level.
                   A        B        C        D        E       F      G
               +--------+--------+--------+--------+--------+-----+--------+
         Total |   1615 |   1571 |     44 |    224 |   1042 |   2 |  807.5 |
       Dungeon |   1615 |   1571 |     44 |    224 |   1042 |   2 |  807.5 |
               +--------+--------+--------+--------+--------+-----+--------+

Top non-repeatable levels by time:
     D:1: 1055 daAuts
     D:2: 559 daAuts
